Workbook
Name _1Excel_BuiltIn_Print_Area_1_1: #REF!

Sheet НМЦК СМР
A8: Расчет начальной (максимальной) цены контракта при осуществлении закупок на выполнение подрядных работ по строительству, реконструкции, капитальному ремонту, сносу объектов капитального строительства, работам по сохранению объектов культурного наследия (памятников истории и культуры) народов Российской Федерации и выполнению строительных работ в отношении объектов, не являющихся объектами капитального строительства
A10: Реконструкции канализационной сети в г.Алатырь по ул. Ленина от ул. Комиссариатская до ул. Троицкая
A12: Основания для расчета:
A13: 1. Приказ об утверждении проектно-сметной документации от №
A14: 1. Заключение государственной экспертизы от 30.01.2026 № 21-1-1-2-002862-2026
A15: 2. Утвержденный сводный сметный расчет
A17: № п/п | B17: Наименование работ и затрат | C17: Стоимость работ в ценах на дату утверждения сметной документации, руб., 4 квартал 2025 г. | D17: Индекс прогнозный инфляции на период выполнения работ | E17: Начальная (максимальная) цена контракта с учетом индекса прогнозной инфляции на период выполнения работ, руб. | F17: Стоимость работ в 2026 г. с учетом лимитов 2026 г., тыс. руб. | G17: Стоимость работ в 2027 г. с учетом лимитов 2027 г., тыс. руб. | H17: Итого НМЦК, тыс. руб.
A18: 1 | B18: 2 | C18: 3 | D18: 6 | E18: 7
A19: 1 | B19: Строительно-монтажные работы (по сумме глав 1-7) | C19: ='ССРСС - Октябрь 2025'!D47 -> 119634.55 | D19: =$D$65 -> #REF! | E19: =ROUND(#REF!*D19,2) -> #REF! | F19: =ROUND(B69/1.22,2) -> 97017.21 | G19: =50276.38/1.22 -> 41210.148 | H19: =F19+G19 -> 138227.36
A20: 2 | B20: Оборудование (по сумме глав 1-7) | C20: 0 | D20: =$D$65 -> #REF! | E20: =ROUND(#REF!*D20,2) -> #REF!
A21: 3 | B21: Пусконаладочные работы | C21: 0 | D21: =$D$65 -> #REF! | E21: =ROUND(#REF!*D21,2) -> #REF!
A22: 4 | B22: Прочие работы и затраты (по сумме глав 1-7, 9) | C22: ='ССРСС - Октябрь 2025'!G47+'ССРСС - Октябрь 2025'!G57 -> 533.3 | D22: =$D$65 -> #REF! | E22: =ROUND(#REF!*D22,2) -> #REF!
A23: 5 | B23: Временные здания и сооружения - 1,5 % с к=0,8 | C23: =ROUND((C19+C20)*1.2%,2) -> 1435.61 | D23: =$D$65 -> #REF! | E23: =ROUND(#REF!*D23,2) -> #REF!
A24: 6 | B24: Производство работ в зимнее время 3,4% | C24: =ROUND((C19+C20)*1.012*0.034,2) -> 4116.39 | D24: =$D$65 -> #REF! | E24: =ROUND(#REF!*D24,2) -> #REF!
A25: 7 | B25: Непредвиденные затраты - 3% | C25: =ROUND(SUM(C19:C24)*0.03,2) -> 3771.6 | D25: =$D$65 -> #REF! | E25: =ROUND(#REF!*D25,2) -> #REF!
B26: ИТОГО | C26: =SUM(C19:C25) -> 129491.45 | D26: =$D$65 -> #REF! | E26: =SUM(E19:E25) -> #REF! | F26: =F19 -> 97017.21 | G26: =G19 -> 41210.148 | H26: =H19 -> 138227.36 | I26: =C26*#REF!*D26 -> #REF!
B27: НДС 22 % | C27: =ROUND(C26*0.22,2) -> 28488.12 | D27: =$D$65 -> #REF! | E27: =ROUND(E26*0.22,2) -> #REF! | F27: =ROUND(F26*0.22,2) -> 21343.79 | G27: =G26*0.22 -> 9066.2325 | H27: =H26*0.22 -> 30410.019 | I27: =I26*0.22 -> #REF!
B28: Стоимость с учетом НДС | C28: =C26+C27 -> 157979.57 | D28: =$D$65 -> #REF! | E28: =E26+E27 -> #REF! | F28: =SUM(F26:F27) -> 118361 | G28: =SUM(G26:G27) -> 50276.38 | H28: =SUM(H26:H27) -> 168637.38 | I28: =C26*1.22*#REF!*D65 -> #REF!
I29: =#REF!*D28 -> #REF!
A30: Начало строительства - с момента заключения контракта
A31: Окончание строительства - 31.12.2027 г.
A32: Уровень цен утвержденной сметы - 4 квартал 2025 г .
A33: Дата формирования НМЦК - июль 2026 г.
A35: НМЦК определяется в соответствии с положениями Приказа Министерства строительства и жилищно-коммунального хозяйства Российской Федерации от 23 декабря 2019 г. №841/пр.
A36: 1. Расчет индекса фактической инфляции с использованием ИПЦ Росстата:
B37: январь 2026 / декабрь 2025 | C37: 100.72
B38: февраль 2026 / январь 2026 | C38: 100.08
B39: март 2026 / февраль 2026 | C39: 101.69
B40: апрель 2026 / март 2026 | C40: 98.74
B41: май 2026 / апрель 2026 | C41: 100.14
A44: Индекс цен за июнь, июль 2026 г. по состоянию на 20.07.2026 года Росстатом не опубликован. В виду отсутствия официальной информации за июнь, июль 2026 года индекс фактической инфляции за эти месяцы на основании приказа № 484/пр от 14.06.2022 г. Министерства строительства и жилищно-коммунального хозяйства Российской Федерации принимается в размере, установленном для последнего опубликованного месяца, т.е. май 2026 г. – 100,14 % .
A46: Итого индекс фактической инфляции: 1,0072*1,0008*1,0169*0,9874*100,14*(100,14*100,14) =
A48: 2. Расчет индексов прогнозный инфляции:
A49: Расчет прогнозного индекса инфляции на основании индексов-дефляторов Министерства экономического развития Российской Федерации по строке «Инвестиции в основной капитал» (по письму Минэкономразвития России от 30.09.2025г. № 37099-ПК/Д03и, отрасль "Инвестиции в основной капитал"):
A51: 2026 год - | B51: 105,3%
A52: 2027 год - | B52: 104,3 %
A53: Утвержденные индексы МКИ
A54: 2026 год - | B54: 105,5%
A55: 2027 год - | B55: 109,8%
A56: Ежемесячный индекс прогноз на 2026 г. = 12√1,055
A57: Ежемесячный индекс прогноз на 2027 г. = 12√1,041
A59: ="Расчет прогнозного индекса инфляции К на 2026 г.: ("&#REF!&"^8+"&#REF!&"^11)/2" -> #REF!
A60: ="Расчет прогнозного индекса инфляции К на 2027 г.: "&#REF!&"* ("&#REF!&"^1+"&#REF!&"^12)/2" -> #REF!
A62: Доля прогнозной инфляции на 2026 год (5 месяцев / 17 месяцев) | D62: =ROUND(5/17,4) -> 0.2941
A63: Доля прогнозной инфляции на 2027 год (12 месяцев / 17 месяцев) | D63: =ROUND(12/17,4) -> 0.7059
A65: ="Итого индекс прогнозной инфляции: "&#REF!&"*"&D62&"+ "&#REF!&"*"&D63&"" -> #REF! | D65: =ROUND((#REF!*D62+#REF!*D63),4) -> #REF!
A67: Лимит средств по годам, тыс. руб. с НДС | C67: индексы МКИ | G67: стоимость СМР в ценах 4 кв. 2025 г., тыс. руб.
C68: 2026 | F68: 2027
A69: Лимит средств на 2026 год | B69: 118361 | C69: 1.055 | G69: =B69/C69 -> 112190.52
A70: Лимит средств на 2027 год | B70: =G70*F70 -> 50276.375 | F70: 1.098 | G70: =C28-G69 -> 45789.049
A71: Итого СМР | B71: =SUM(B69:B70) -> 168637.38 | G71: =SUM(G69:G70) -> 157979.57
B77: Главный инженер | G77: А.А. Щепелев
B81: Заместитель директора по экономике | G81: О.Ю. Курышева
B84: Заместитель главного инженера (по техническим вопросам) - начальник ПТУ | G84: С.А. Анисимов

Sheet ССРСС - Октябрь 2025
A1: =Source!B1 -> Smeta.RU (495) 974-1589
A3: Заказчик | C3: =IF(Source!H4<>"",Source!H4," ") -> КУ ЧР "Республиканская служба единого заказчика" Министерства строительства, архитектуры и жилищно-коммунального хозяйства Чувашской Республики | Q3: =IF(Source!H4<>"",Source!H4," ") -> КУ ЧР "Республиканская служба единого заказчика" Министерства строительства, архитектуры и жилищно-коммунального хозяйства Чувашской Республики
A4: (наименование организации)
A6: Утвержден | C6: =IF(Source!AA4<>0, Source!AA4, "") -> 45993
A8: Сводный сметный расчет в сумме | D8: =H84 -> 157979.57 | E8: тыс.руб.
A10: =IF(Source!AB4<>"", Source!AB4, " ")
A11: (ссылка на документ об утверждении)
A14: СВОДНЫЙ СМЕТНЫЙ РАСЧЕТ СТОИМОСТИ СТРОИТЕЛЬСТВА
A16: =CONCATENATE(Source!G4) -> Реконструкция объектов централизованной системы водоотведения г. Алатырь Чувашской Республики (8 мероприятий по сетям водоотведения, проходящим по улицам: Фестивальная, Садовая, Свердлова, Шпальная, Кутузова, Почтовая, Академика Крылова, Ленина, Комиссариатская, Чебоксарская, Маяковского, Троицкая, Советская, Гончарова, Гоголевский спуск, Сурская дамба) | P16: =CONCATENATE(Source!G4) -> Реконструкция объектов централизованной системы водоотведения г. Алатырь Чувашской Республики (8 мероприятий по сетям водоотведения, проходящим по улицам: Фестивальная, Садовая, Свердлова, Шпальная, Кутузова, Почтовая, Академика Крылова, Ленина, Комиссариатская, Чебоксарская, Маяковского, Троицкая, Советская, Гончарова, Гоголевский спуск, Сурская дамба)
A17: (наименование стройки)
A18: =Source!Q4
A19: Реконструкции канализационной сети по ул. Ленина от ул. Комиссариатская до ул. Троицкая
A21: № п/п | B21: Обоснование | C21: Наименование глав, объектов капитального строительства, работ и затрат | D21: Сметная стоимость, тыс.руб.
D22: строительных (ремонтно - строительных, ремонтно - реставрационных) работ | E22: монтажных работ | F22: оборудования | G22: прочих затрат | H22: всего
A23: 1 | B23: 2 | C23: 3 | D23: 4 | E23: 5 | F23: 6 | G23: 7 | H23: 8
C24: =Source!G12 -> Глава 1. Подготовка территории строительства, реконструкции, капитального ремонта. | Q24: =Source!G12 -> Глава 1. Подготовка территории строительства, реконструкции, капитального ремонта.
A25: 1 | B25: =Source!E13 -> Расчет №1 | C25: =Source!G13 -> Перенос и закрепление в натуре оси трасс разного назначения: водопровода,канализации, дорог и прочие линейные сооружения | D25: =IF(Source!AI13=0,"-", Source!AI13/1) -> - | E25: =IF(Source!AJ13=0,"-", Source!AJ13/1) -> - | F25: =IF(Source!AK13=0,"-", Source!AK13/1) -> - | G25: =IF(Source!AL13=0,"-", Source!AL13/1) -> 27.09 | H25: =IF(Source!AM13=0,"-", Source!AM13/1) -> 27.09
C26: =CONCATENATE("Итого по ", Source!F12) -> Итого по Гл. 1 | D26: =IF(Source!AI12=0,"-", Source!AI12/1) -> - | E26: =IF(Source!AJ12=0,"-", Source!AJ12/1) -> - | F26: =IF(Source!AK12=0,"-", Source!AK12/1) -> - | G26: =IF(Source!AL12=0,"-", Source!AL12/1) -> 27.09 | H26: =IF(Source!AM12=0,"-", Source!AM12/1) -> 27.09
C28: =Source!G14 -> Глава 2. Основные объекты строительства, реконструкции, капитального ремонта. | Q28: =Source!G14 -> Глава 2. Основные объекты строительства, реконструкции, капитального ремонта.
A29: 2 | B29: =Source!E20 -> ЛС-02-06-01 | C29: =Source!G20 -> Канализационная сеть по ул. Ленина от ул. Комиссариатская до ул. Троицкая | D29: =IF(Source!AI20=0,"-", Source!AI20/1) -> 119634.55 | E29: =IF(Source!AJ20=0,"-", Source!AJ20/1) -> - | F29: =IF(Source!AK20=0,"-", Source!AK20/1) -> - | G29: =IF(Source!AL20=0,"-", Source!AL20/1) -> - | H29: =IF(Source!AM20=0,"-", Source!AM20/1) -> 119634.55
C30: =CONCATENATE("Итого по ", Source!F14) -> Итого по Гл. 2 | D30: =IF(Source!AI14=0,"-", Source!AI14/1) -> 119634.55 | E30: =IF(Source!AJ14=0,"-", Source!AJ14/1) -> - | F30: =IF(Source!AK14=0,"-", Source!AK14/1) -> - | G30: =IF(Source!AL14=0,"-", Source!AL14/1) -> - | H30: =IF(Source!AM14=0,"-", Source!AM14/1) -> 119634.55
C32: =Source!G23 -> Глава 3. Объекты подсобного и обслуживающего назначения.
C33: =CONCATENATE("Итого по ", Source!F23) -> Итого по Гл. 3 | D33: =IF(Source!AI23=0,"-", Source!AI23/1) -> - | E33: =IF(Source!AJ23=0,"-", Source!AJ23/1) -> - | F33: =IF(Source!AK23=0,"-", Source!AK23/1) -> - | G33: =IF(Source!AL23=0,"-", Source!AL23/1) -> - | H33: =IF(Source!AM23=0,"-", Source!AM23/1) -> -
C35: =Source!G24 -> Глава 4. Объекты энергетического хозяйства.
C36: =CONCATENATE("Итого по ", Source!F24) -> Итого по Гл. 4 | D36: =IF(Source!AI24=0,"-", Source!AI24/1) -> - | E36: =IF(Source!AJ24=0,"-", Source!AJ24/1) -> - | F36: =IF(Source!AK24=0,"-", Source!AK24/1) -> - | G36: =IF(Source!AL24=0,"-", Source!AL24/1) -> - | H36: =IF(Source!AM24=0,"-", Source!AM24/1) -> -
C38: =Source!G25 -> Глава 5. Объекты транспортного хозяйства и связи.
C39: =CONCATENATE("Итого по ", Source!F25) -> Итого по Гл. 5 | D39: =IF(Source!AI25=0,"-", Source!AI25/1) -> - | E39: =IF(Source!AJ25=0,"-", Source!AJ25/1) -> - | F39: =IF(Source!AK25=0,"-", Source!AK25/1) -> - | G39: =IF(Source!AL25=0,"-", Source!AL25/1) -> - | H39: =IF(Source!AM25=0,"-", Source!AM25/1) -> -
C41: =Source!G26 -> Глава 6. Наружные сети и сооружения водоснабжения, водоотведения, теплоснабжения и газоснабжения. | Q41: =Source!G26 -> Глава 6. Наружные сети и сооружения водоснабжения, водоотведения, теплоснабжения и газоснабжения.
C42: =CONCATENATE("Итого по ", Source!F26) -> Итого по Гл. 6 | D42: =IF(Source!AI26=0,"-", Source!AI26/1) -> - | E42: =IF(Source!AJ26=0,"-", Source!AJ26/1) -> - | F42: =IF(Source!AK26=0,"-", Source!AK26/1) -> - | G42: =IF(Source!AL26=0,"-", Source!AL26/1) -> - | H42: =IF(Source!AM26=0,"-", Source!AM26/1) -> -
C44: =Source!G27 -> Глава 7. Благоустройство и озеленение территории.
C45: =CONCATENATE("Итого по ", Source!F27) -> Итого по Гл. 7 | D45: =IF(Source!AI27=0,"-", Source!AI27/1) -> - | E45: =IF(Source!AJ27=0,"-", Source!AJ27/1) -> - | F45: =IF(Source!AK27=0,"-", Source!AK27/1) -> - | G45: =IF(Source!AL27=0,"-", Source!AL27/1) -> - | H45: =IF(Source!AM27=0,"-", Source!AM27/1) -> -
C47: =Source!G28 -> Итого по главам 1 - 7 | D47: =IF(Source!AI28=0,"-", Source!AI28/1) -> 119634.55 | E47: =IF(Source!AJ28=0,"-", Source!AJ28/1) -> - | F47: =IF(Source!AK28=0,"-", Source!AK28/1) -> - | G47: =IF(Source!AL28=0,"-", Source!AL28/1) -> 27.09 | H47: =IF(Source!AM28=0,"-", Source!AM28/1) -> 119661.64
C49: =Source!G30 -> Глава 8. Временные здания и сооружения.
A50: 3 | B50: =Source!E31 -> Приказ №332/пр от 19.06.2020 г. (с изм №534/пр от 13.08.2024 г.) | C50: =Source!G31 -> Временные здания и сооружения (п.41) - 1,5% с К-0,8 | D50: =IF(Source!AI31=0,"-", Source!AI31/1) -> 1435.61 | E50: =IF(Source!AJ31=0,"-", Source!AJ31/1) -> - | F50: =IF(Source!AK31=0,"-", Source!AK31/1) -> - | G50: =IF(Source!AL31=0,"-", Source!AL31/1) -> - | H50: =IF(Source!AM31=0,"-", Source!AM31/1) -> 1435.61
C51: =CONCATENATE("Итого по ", Source!F30) -> Итого по Гл. 8 | D51: =IF(Source!AI30=0,"-", Source!AI30/1) -> 1435.61 | E51: =IF(Source!AJ30=0,"-", Source!AJ30/1) -> - | F51: =IF(Source!AK30=0,"-", Source!AK30/1) -> - | G51: =IF(Source!AL30=0,"-", Source!AL30/1) -> - | H51: =IF(Source!AM30=0,"-", Source!AM30/1) -> 1435.61
C53: =Source!G32 -> Итого по главам 1 - 8 | D53: =D47+D51 -> 121070.16 | E53: =IF(Source!AJ32=0,"-", Source!AJ32/1) -> - | F53: =IF(Source!AK32=0,"-", Source!AK32/1) -> - | G53: =IF(Source!AL32=0,"-", Source!AL32/1) -> 27.09 | H53: =IF(Source!AM32=0,"-", Source!AM32/1) -> 121097.25
C55: =Source!G34 -> Глава 9. Прочие работы и затраты.
A56: 4 | B56: =Source!E35 -> Приказ №325/пр от 25.05.2021 г. (с изм. №170/пр от 25.03.2025 г.) | C56: =Source!G35 -> Дополнительные затраты при производстве работ в зимнее время (п.77) - 3,4% | D56: =IF(Source!AI35=0,"-", Source!AI35/1) -> 4116.39 | E56: =IF(Source!AJ35=0,"-", Source!AJ35/1) -> - | F56: =IF(Source!AK35=0,"-", Source!AK35/1) -> - | G56: =IF(Source!AL35=0,"-", Source!AL35/1) -> - | H56: =IF(Source!AM35=0,"-", Source!AM35/1) -> 4116.39
A57: 5 | B57: =Source!E36 -> Расчет №2 | C57: =Source!G36 -> Расчет платы размещения строительного мусора на полигоне ТБО | D57: =IF(Source!AI36=0,"-", Source!AI36/1) -> - | E57: =IF(Source!AJ36=0,"-", Source!AJ36/1) -> - | F57: =IF(Source!AK36=0,"-", Source!AK36/1) -> - | G57: =IF(Source!AL36=0,"-", Source!AL36/1) -> 506.21 | H57: =IF(Source!AM36=0,"-", Source!AM36/1) -> 506.21
C58: =CONCATENATE("Итого по ", Source!F34) -> Итого по Гл. 9 | D58: =IF(Source!AI34=0,"-", Source!AI34/1) -> 4116.39 | E58: =IF(Source!AJ34=0,"-", Source!AJ34/1) -> - | F58: =IF(Source!AK34=0,"-", Source!AK34/1) -> - | G58: =IF(Source!AL34=0,"-", Source!AL34/1) -> 506.21 | H58: =IF(Source!AM34=0,"-", Source!AM34/1) -> 4622.6
C60: =Source!G37 -> Итого по главам 1 - 9 | D60: =IF(Source!AI37=0,"-", Source!AI37/1) -> 125186.55 | E60: =IF(Source!AJ37=0,"-", Source!AJ37/1) -> - | F60: =IF(Source!AK37=0,"-", Source!AK37/1) -> - | G60: =IF(Source!AL37=0,"-", Source!AL37/1) -> 533.3 | H60: =IF(Source!AM37=0,"-", Source!AM37/1) -> 125719.85
C62: =Source!G39 -> Глава 10. Содержание службы заказчика. Строительный контроль.
A63: 6 | B63: =Source!E40 -> Пост. Правительства РФ №468 от 21.06.2010 г. | C63: =Source!G40 -> Строительный контроль - 1,93%. | D63: =IF(Source!AI40=0,"-", Source!AI40/1) -> - | E63: =IF(Source!AJ40=0,"-", Source!AJ40/1) -> - | F63: =IF(Source!AK40=0,"-", Source!AK40/1) -> - | G63: =ROUND(H60*0.0193,2)*0 -> 0 | H63: =G63 -> 0
C64: =CONCATENATE("Итого по ", Source!F39) -> Итого по Гл. 10 | D64: =IF(Source!AI39=0,"-", Source!AI39/1) -> - | E64: =IF(Source!AJ39=0,"-", Source!AJ39/1) -> - | F64: =IF(Source!AK39=0,"-", Source!AK39/1) -> - | G64: =G63 -> 0 | H64: =H63 -> 0
C66: =Source!G41 -> Итого по главам 1 - 10 | D66: =IF(Source!AI41=0,"-", Source!AI41/1) -> 125186.55 | E66: =IF(Source!AJ41=0,"-", Source!AJ41/1) -> - | F66: =IF(Source!AK41=0,"-", Source!AK41/1) -> - | G66: =G60+G64 -> 533.3 | H66: =H60+H64 -> 125719.85
C68: =Source!G47 -> Глава 12. Публичный технологический и ценовой аудит, подготовка обоснования инвестиций, осуществляемых в инвестиционный проект по созданию объекта капитального строительства, в отношении которого планируется заключение контракта, предметом которого является одновременно выполнение работ по проектированию, строительству и вводу в эксплуатацию объекта капитального строительства, технологический и ценовой аудит такого обоснования инвестиций, аудит проектной документации, проектные и изыскательские работы. | Q68: =Source!G47 -> Глава 12. Публичный технологический и ценовой аудит, подготовка обоснования инвестиций, осуществляемых в инвестиционный проект по созданию объекта капитального строительства, в отношении которого планируется заключение контракта, предметом которого является одновременно выполнение работ по проектированию, строительству и вводу в эксплуатацию объекта капитального строительства, технологический и ценовой аудит такого обоснования инвестиций, аудит проектной документации, проектные и изыскательские работы.
A69: 7 | B69: =Source!E49 -> Приказ Минстроя РФ № 421/пр от 04.08.2020 г., п.171 | C69: =Source!G49 -> Проведение авторского надзора - 0,2% | D69: =IF(Source!AI49=0,"-", Source!AI49/1) -> - | E69: =IF(Source!AJ49=0,"-", Source!AJ49/1) -> - | F69: =IF(Source!AK49=0,"-", Source!AK49/1) -> - | G69: =ROUND(H60*0.2%,2)*0 -> 0 | H69: =G69 -> 0
C70: =CONCATENATE("Итого по ", Source!F47) -> Итого по Гл. 12 | D70: =IF(Source!AI47=0,"-", Source!AI47/1) -> - | E70: =IF(Source!AJ47=0,"-", Source!AJ47/1) -> - | F70: =IF(Source!AK47=0,"-", Source!AK47/1) -> - | G70: =G69 -> 0 | H70: =H69 -> 0
C72: =Source!G50 -> Итого по главам 1-12 | D72: =IF(Source!AI50=0,"-", Source!AI50/1) -> 125186.55 | E72: =IF(Source!AJ50=0,"-", Source!AJ50/1) -> - | F72: =IF(Source!AK50=0,"-", Source!AK50/1) -> - | G72: =G66+G70 -> 533.3 | H72: =H66+H70 -> 125719.85
C74: =Source!G52 -> Резерв средств на непредвиденные работы и затраты
A75: 8 | B75: =Source!E53 -> Приказ Минстроя РФ № 421/пр от 04.08.2020 г., п.179,б | C75: =Source!G53 -> Резерв средств на непредвиденные работы и затраты - 3% | D75: =IF(Source!AI53=0,"-", Source!AI53/1) -> 3755.6 | E75: =IF(Source!AJ53=0,"-", Source!AJ53/1) -> - | F75: =IF(Source!AK53=0,"-", Source!AK53/1) -> - | G75: =G72*0.03 -> 15.999 | H75: =D75+G75 -> 3771.599
C76: =CONCATENATE("Итого по ", Source!F52) -> Итого по Непредв | D76: =IF(Source!AI52=0,"-", Source!AI52/1) -> 3755.6 | E76: =IF(Source!AJ52=0,"-", Source!AJ52/1) -> - | F76: =IF(Source!AK52=0,"-", Source!AK52/1) -> - | G76: =G75 -> 15.999 | H76: =H75 -> 3771.599
C78: =Source!G54 -> Итого с непредвиденными | D78: =IF(Source!AI54=0,"-", Source!AI54/1) -> 128942.15 | E78: =IF(Source!AJ54=0,"-", Source!AJ54/1) -> - | F78: =IF(Source!AK54=0,"-", Source!AK54/1) -> - | G78: =G72+G76 -> 549.299 | H78: =H72+H76 -> 129491.45
C80: =Source!G56 -> Средства на покрытие затрат по уплате налога на добавленную стоимость по итогу глав сводного сметного расчета | Q80: =Source!G56 -> Средства на покрытие затрат по уплате налога на добавленную стоимость по итогу глав сводного сметного расчета
A81: 9 | B81: =Source!E57 -> № 425-ФЗ от 25.11.2025 г | C81: =Source!G57 -> Средства на покрытие затрат по уплате налога на добавленную стоимость по итогу глав сводного сметного расчета (за исключением ст. 149-150 НК РФ) | D81: =IF(Source!AI57=0,"-", Source!AI57/1) -> 28367.27 | E81: =IF(Source!AJ57=0,"-", Source!AJ57/1) -> - | F81: =IF(Source!AK57=0,"-", Source!AK57/1) -> - | G81: =G78*0.22 -> 120.84578 | H81: =D81+G81 -> 28488.116
C82: =CONCATENATE("Итого по ", Source!F56) -> Итого по НДС | D82: =IF(Source!AI56=0,"-", Source!AI56/1) -> 28367.27 | E82: =IF(Source!AJ56=0,"-", Source!AJ56/1) -> - | F82: =IF(Source!AK56=0,"-", Source!AK56/1) -> - | G82: =G81 -> 120.84578 | H82: =H81 -> 28488.116
C84: =Source!G58 -> Стоимость в уровне цен на 4 квартал 2025 года с учетом НДС | D84: =IF(Source!AI58=0,"-", Source!AI58/1) -> 157309.42 | E84: =IF(Source!AJ58=0,"-", Source!AJ58/1) -> - | F84: =IF(Source!AK58=0,"-", Source!AK58/1) -> - | G84: =G78+G82 -> 670.14478 | H84: =H78+H82+0.01 -> 157979.57
C86: ВСЕГО по сводному сметному расчету в текущих ценах 4 кв. 2025 г. с пересчетом на 4 кв. 2027 год по индексу-дефлятору 1.098 | H86: =H84*1.098 -> 173461.57
B90: Руководитель проектной организации | F90: =IF(Source!L4<>"",Source!L4," ") -> Ижелеева К.В.
E91: [подпись(инициалы,фамилия)]
B93: Главный инженер проекта | F93: =IF(Source!M4<>"",Source!M4," ") -> Лукиянов В.В.
E94: [подпись(инициалы,фамилия)]
B96: =CONCATENATE("Начальник ", Source!O4, " отдела") -> Начальник сметного отдела | F96: =IF(Source!N4<>"",Source!N4," ") -> Заковряшина Н.О.
B97: (наименование) | E97: [подпись(инициалы,фамилия)]
B99: Заказчик | C99: =IF(Source!R4<>"",Source!R4," ") -> Начальник отдела сопровождения проектно-изыскательских работ | F99: =IF(Source!I4<>"",Source!I4," ") -> Паркаев А.А.
D100: [должность,подпись(инициалы,фамилия)]

Sheet Source
A1: 0 | B1: Smeta.RU (495) 974-1589 | D1: _SSR_ | F1: 0 | G1: 0 | H1: 0 | I1: Smeta.RU | K1: 1 | L1: 67869 | M1: 10 | N1: 12 | O1: 0 | P1: 0 | Q1: 3
A4: 5 | B4: 1 | C4: -1 | D4: 23 | E4: 42 | G4: Реконструкция объектов централизованной системы водоотведения г. Алатырь Чувашской Республики (8 мероприятий по сетям водоотведения, проходящим по улицам: Фестивальная, Садовая, Свердлова, Шпальная, Кутузова, Почтовая, Академика Крылова, Ленина, Комиссариатская, Чебоксарская, Маяковского, Троицкая, Советская, Гончарова, Гоголевский спуск, Сурская дамба) | H4: КУ ЧР "Республиканская служба единого заказчика" Министерства строительства, архитектуры и жилищно-коммунального хозяйства Чувашской Республики | I4: Паркаев А.А. | K4: ООО "ПМК-Проект" | L4: Ижелеева К.В. | M4: Лукиянов В.В. | N4: Заковряшина Н.О. | O4: сметного | R4: Начальник отдела сопровождения проектно-изыскательских работ | W4: 108429162 | X4: 2025 | Y4: 10 | Z4: 2025, Октябрь | AA4: 45993 | AC4: 42.19 | AD4: 0 | AE4: 0 | AF4: 0 | AG4: 0 | AH4: 0 | AI4: 42.19 | AL4: 0 | AM4: 0 | AN4: 0 | AO4: 157309.42 | AP4: 0 | AQ4: 0 | AR4: 0 | AS4: 4035.1 | AT4: 0 | AU4: 161344.52 | AV4: 0 | AW4: 0 | AX4: 0 | AY4: 0 | BL4: 0 | BM4: 0
A5: 1 | B5: 1 | C5: -1 | F5: СТРОЙКА ОЦСК | G5: СТРОЙКА ОЦСК | P5: 0 | BM5: 0
A10: 35 | B10: 20 | C10: 108429162 | D10: 1 | E10: 0 | F10: 1 | G10: 61 | H10: 64 | I10: 82 | J10: 130 | K10: 0
B12: 1 | F12: Гл. 1 | G12: Глава 1. Подготовка территории строительства, реконструкции, капитального ремонта. | H12: 1 | I12: 0 | J12: 0 | K12: 4 | L12: 0 | M12: 0 | N12: 0 | O12: 1 | P12: 0 | Q12: 0 | R12: 0 | AI12: 0 | AJ12: 0 | AK12: 0 | AL12: 27.09 | AM12: 27.09 | AN12: 0 | AO12: 0 | AP12: 0 | AQ12: 0 | AR12: 0 | AS12: 0 | AT12: 0 | AU12: 0 | AV12: 0 | AW12: 0 | AX12: 0 | AY12: 0 | AZ12: 0 | BA12: 0 | BB12: 0 | BC12: 0
B13: 1 | E13: Расчет №1 | F13: Итог 4 | G13: Перенос и закрепление в натуре оси трасс разного назначения: водопровода,канализации, дорог и прочие линейные сооружения | H13: 1 | I13: 1 | J13: 0 | K13: 55412 | L13: 0 | M13: 0 | N13: 0 | O13: 0 | P13: 0 | Q13: 0 | R13: 0 | AH13: Прочие | AI13: 0 | AJ13: 0 | AK13: 0 | AL13: 27.09 | AM13: 27.09 | AN13: 0 | AO13: 0 | AP13: 0 | AQ13: 0 | AR13: 0 | AS13: 0 | AT13: 0 | AU13: 0 | AV13: 0 | AW13: 0 | AX13: 0 | AY13: 0 | AZ13: 0 | BA13: 0 | BB13: 0 | BC13: 0
B14: 1 | F14: Гл. 2 | G14: Глава 2. Основные объекты строительства, реконструкции, капитального ремонта. | H14: 4 | I14: 0 | J14: 0 | K14: 7 | L14: 0 | M14: 0 | N14: 0 | O14: 2 | P14: 0 | Q14: 0 | R14: 0 | AI14: 119634.55 | AJ14: 0 | AK14: 0 | AL14: 0 | AM14: 119634.55 | AN14: 0 | AO14: 0 | AP14: 0 | AQ14: 0 | AR14: 0 | AS14: 0 | AT14: 0 | AU14: 0 | AV14: 0 | AW14: 0 | AX14: 0 | AY14: 0 | AZ14: 0 | BA14: 0 | BB14: 119634.55 | BC14: 0
B15: 0 | C15: 2 | D15: 110494802 | E15: ЛС-02-01-01 | G15: Коллектор по ул. Фестивальная, Сурской дамбе, ул. Садовая до КНС №1 | H15: 4 | I15: 0 | J15: 54 | K15: 55396 | L15: 3 | M15: 110494873 | N15: 1 | O15: 106577040 | P15: 0 | Q15: 0 | R15: 766.02558 | AH15: ЕР | AI15: 21025.18 | AJ15: 0 | AK15: 0 | AL15: 0 | AM15: 21025.18 | AN15: 0 | AO15: 12315.79 | AP15: 18079.54 | AQ15: 3932.95 | AR15: 252.78 | AS15: 1475.24 | AT15: 4.12 | AU15: 0.5 | AV15: 0 | AW15: 1846.21 | AX15: 1099.43 | AY15: 0 | AZ15: 0 | BA15: 102.78 | BB15: 21025.18 | BC15: 0
B16: 0 | C16: 2 | D16: 110496543 | E16: ЛС-02-02-01 | G16: Коллектор по Гоголевскому спуску от ул. Свердлова до ОСК | H16: 4 | I16: 0 | J16: 53 | K16: 55395 | L16: 3 | M16: 110496613 | N16: 1 | O16: 106577040 | P16: 0 | Q16: 0 | R16: 2875.2219 | AH16: ЕР | AI16: 86481.82 | AJ16: 0 | AK16: 0 | AL16: 0 | AM16: 86481.82 | AN16: 0 | AO16: 58703.81 | AP16: 77250.96 | AQ16: 12749.05 | AR16: 1080.94 | AS16: 4409.73 | AT16: 12.07 | AU16: 2.11 | AV16: 0 | AW16: 5850.09 | AX16: 3380.77 | AY16: 0 | AZ16: 0 | BA16: 307.43 | BB16: 86481.82 | BC16: 0
B17: 0 | C17: 2 | D17: 110630428 | E17: ЛС-02-03-01 | G17: Коллектор по ул. Шпальная, на участке от ул. Кутузова до ул.Почтовая | H17: 4 | I17: 0 | J17: 61 | K17: 55409 | L17: 3 | M17: 110630498 | N17: 1 | O17: 106577040 | P17: 0 | Q17: 0 | R17: 1860.4379 | AH17: ЕР | AI17: 55949.55 | AJ17: 0 | AK17: 0 | AL17: 0 | AM17: 55949.55 | AN17: 0 | AO17: 34888.57 | AP17: 48833.45 | AQ17: 9233.72 | AR17: 618.92 | AS17: 3872.59 | AT17: 10.82 | AU17: 1.21 | AV17: 0 | AW17: 4572.11 | AX17: 2543.99 | AY17: 0 | AZ17: 0 | BA17: 219.65 | BB17: 55949.55 | BC17: 0
B18: 0 | C18: 2 | D18: 110668641 | E18: ЛС-02-04-01 | G18: Напорный коллектор от КНС №1 по ул. Садовая, ул. Академика Крылова, ул. Ленина до пересечения с ул. Комиссариатская | H18: 4 | I18: 0 | J18: 65 | K18: 55414 | L18: 3 | M18: 110668711 | N18: 1 | O18: 106577040 | P18: 0 | Q18: 0 | R18: 3586.5053 | AH18: ЕР | AI18: 56666.72 | AJ18: 0 | AK18: 0 | AL18: 0 | AM18: 56666.72 | AN18: 0 | AO18: 31233.04 | AP18: 50075.29 | AQ18: 14431.8 | AR18: 1820.08 | AS18: 2474.61 | AT18: 6.57 | AU18: 3.85 | AV18: 0 | AW18: 4440.43 | AX18: 2151.01 | AY18: 0 | AZ18: 0 | BA18: 115.75 | BB18: 56666.72 | BC18: 0
B19: 0 | C19: 2 | D19: 110634466 | E19: ЛС-02-05-01 | G19: Напорный коллектор КНС №2 по ул. Чебоксарская и ул. Ленина до ул. Маяковского, 20 (камера гашения) | H19: 4 | I19: 0 | J19: 62 | K19: 55410 | L19: 3 | M19: 110634536 | N19: 1 | O19: 106577040 | P19: 0 | Q19: 0 | R19: 2379.1601 | AH19: ЕР | AI19: 47135.95 | AJ19: 0 | AK19: 0 | AL19: 0 | AM19: 47135.95 | AN19: 0 | AO19: 25457.51 | AP19: 41710.2 | AQ19: 12580.86 | AR19: 1082.27 | AS19: 2463.6 | AT19: 6.85 | AU19: 2.14 | AV19: 0 | AW19: 3588.29 | AX19: 1837.47 | AY19: 0 | AZ19: 0 | BA19: 125.97 | BB19: 47135.95 | BC19: 0
B20: 1 | C20: 2 | D20: 110636620 | E20: ЛС-02-06-01 | G20: Канализационная сеть по ул. Ленина от ул. Комиссариатская до ул. Троицкая | H20: 4 | I20: 0 | J20: 59 | K20: 55407 | L20: 3 | M20: 110636690 | N20: 1 | O20: 106577040 | P20: 0 | Q20: 0 | R20: 4087.086 | AH20: ЕР | AI20: 119634.55 | AJ20: 0 | AK20: 0 | AL20: 0 | AM20: 119634.55 | AN20: 0 | AO20: 80172.54 | AP20: 104761.16 | AQ20: 15134.07 | AR20: 1393.87 | AS20: 7196.62 | AT20: 19.69 | AU20: 2.78 | AV20: 0 | AW20: 9286.71 | AX20: 5586.68 | AY20: 0 | AZ20: 0 | BA20: 864.07 | BB20: 119634.55 | BC20: 0
B21: 0 | C21: 2 | D21: 110638652 | E21: ЛС-02-07-01 | G21: Канализационная сеть по ул. Советская от школы №3 до ул. Гончарова | H21: 4 | I21: 0 | J21: 60 | K21: 55408 | L21: 3 | M21: 110638722 | N21: 1 | O21: 106577040 | P21: 0 | Q21: 0 | R21: 2688.4986 | AH21: ЕР | AI21: 66631.68 | AJ21: 0 | AK21: 0 | AL21: 0 | AM21: 66631.68 | AN21: 0 | AO21: 41921.19 | AP21: 57421.25 | AQ21: 9827.54 | AR21: 1078.63 | AS21: 4364.92 | AT21: 12.17 | AU21: 2.12 | AV21: 0 | AW21: 5816.96 | AX21: 3393.47 | AY21: 0 | AZ21: 0 | BA21: 228.96 | BB21: 66631.68 | BC21: 0
B22: 0 | C22: 2 | D22: 110677113 | E22: ЛС-02-08-01 | G22: Канализационная сеть по ул. Гончарова от к/т «Октябрь» до ул. Ленина | H22: 4 | I22: 0 | J22: 64 | K22: 55413 | L22: 3 | M22: 110677183 | N22: 1 | O22: 106577040 | P22: 0 | Q22: 0 | R22: 1741.7674 | AH22: ЕР | AI22: 30415.13 | AJ22: 0 | AK22: 0 | AL22: 0 | AM22: 30415.13 | AN22: 0 | AO22: 16098.99 | AP22: 26591.4 | AQ22: 8163 | AR22: 921.36 | AS22: 1366.02 | AT22: 3.47 | AU22: 1.94 | AV22: 0 | AW22: 2515.34 | AX22: 1308.39 | AY22: 0 | AZ22: 0 | BA22: 42.04 | BB22: 30415.13 | BC22: 0
B23: 1 | F23: Гл. 3 | G23: Глава 3. Объекты подсобного и обслуживающего назначения. | H23: 5 | I23: 0 | J23: 0 | K23: 9 | L23: 0 | M23: 0 | N23: 0 | O23: 3 | P23: 0 | Q23: 0 | R23: 0 | AI23: 0 | AJ23: 0 | AK23: 0 | AL23: 0 | AM23: 0 | AN23: 0 | AO23: 0 | AP23: 0 | AQ23: 0 | AR23: 0 | AS23: 0 | AT23: 0 | AU23: 0 | AV23: 0 | AW23: 0 | AX23: 0 | AY23: 0 | AZ23: 0 | BA23: 0 | BB23: 0 | BC23: 0
B24: 1 | F24: Гл. 4 | G24: Глава 4. Объекты энергетического хозяйства. | H24: 6 | I24: 0 | J24: 0 | K24: 10 | L24: 0 | M24: 0 | N24: 0 | O24: 4 | P24: 0 | Q24: 0 | R24: 0 | AI24: 0 | AJ24: 0 | AK24: 0 | AL24: 0 | AM24: 0 | AN24: 0 | AO24: 0 | AP24: 0 | AQ24: 0 | AR24: 0 | AS24: 0 | AT24: 0 | AU24: 0 | AV24: 0 | AW24: 0 | AX24: 0 | AY24: 0 | AZ24: 0 | BA24: 0 | BB24: 0 | BC24: 0
B25: 1 | F25: Гл. 5 | G25: Глава 5. Объекты транспортного хозяйства и связи. | H25: 7 | I25: 0 | J25: 0 | K25: 11 | L25: 0 | M25: 0 | N25: 0 | O25: 5 | P25: 0 | Q25: 0 | R25: 0 | AI25: 0 | AJ25: 0 | AK25: 0 | AL25: 0 | AM25: 0 | AN25: 0 | AO25: 0 | AP25: 0 | AQ25: 0 | AR25: 0 | AS25: 0 | AT25: 0 | AU25: 0 | AV25: 0 | AW25: 0 | AX25: 0 | AY25: 0 | AZ25: 0 | BA25: 0 | BB25: 0 | BC25: 0
B26: 1 | F26: Гл. 6 | G26: Глава 6. Наружные сети и сооружения водоснабжения, водоотведения, теплоснабжения и газоснабжения. | H26: 8 | I26: 0 | J26: 0 | K26: 12 | L26: 0 | M26: 0 | N26: 0 | O26: 6 | P26: 0 | Q26: 0 | R26: 0 | AI26: 0 | AJ26: 0 | AK26: 0 | AL26: 0 | AM26: 0 | AN26: 0 | AO26: 0 | AP26: 0 | AQ26: 0 | AR26: 0 | AS26: 0 | AT26: 0 | AU26: 0 | AV26: 0 | AW26: 0 | AX26: 0 | AY26: 0 | AZ26: 0 | BA26: 0 | BB26: 0 | BC26: 0
B27: 1 | F27: Гл. 7 | G27: Глава 7. Благоустройство и озеленение территории. | H27: 9 | I27: 0 | J27: 0 | K27: 13 | L27: 0 | M27: 0 | N27: 0 | O27: 7 | P27: 0 | Q27: 0 | R27: 0 | AI27: 0 | AJ27: 0 | AK27: 0 | AL27: 0 | AM27: 0 | AN27: 0 | AO27: 0 | AP27: 0 | AQ27: 0 | AR27: 0 | AS27: 0 | AT27: 0 | AU27: 0 | AV27: 0 | AW27: 0 | AX27: 0 | AY27: 0 | AZ27: 0 | BA27: 0 | BB27: 0 | BC27: 0
B28: 1 | F28: Ит 1-7 | G28: Итого по главам 1 - 7 | H28: 10 | I28: 0 | J28: 0 | K28: 60 | L28: 9 | M28: 0 | N28: 0 | O28: 0 | P28: 0 | Q28: 0 | R28: 0 | S28: -1 | T28: 0 | W28: -1 | X28: 0 | AA28: -1 | AB28: 0 | AE28: 0 | AF28: 0 | AG28: 0 | AI28: 119634.55 | AJ28: 0 | AK28: 0 | AL28: 27.09 | AM28: 119661.64 | AN28: 0 | AO28: 0 | AP28: 0 | AQ28: 0 | AR28: 0 | AS28: 0 | AT28: 0 | AU28: 0 | AV28: 0 | AW28: 0 | AX28: 0 | AY28: 0 | AZ28: 0 | BA28: 0 | BB28: 119634.55 | BC28: 0
B29: 0 | F29: 1-7 | G29: Итого по главам 1 - 7 | H29: 10 | I29: 12 | J29: 0 | K29: 63 | L29: 0 | M29: 0 | N29: 0 | O29: 0 | P29: 0 | Q29: 0 | R29: 0 | S29: -1 | T29: 0 | W29: -1 | X29: 0 | AA29: -1 | AB29: 0 | AE29: 0 | AF29: 0 | AG29: 0 | AH29: Прочие | AI29: 119634.55 | AJ29: 0 | AK29: 0 | AL29: 27.09 | AM29: 119661.64 | AN29: 0 | AO29: 0 | AP29: 0 | AQ29: 0 | AR29: 0 | AS29: 0 | AT29: 0 | AU29: 0 | AV29: 0 | AW29: 0 | AX29: 0 | AY29: 0 | AZ29: 0 | BA29: 0 | BB29: 119634.55 | BC29: 0
B30: 1 | F30: Гл. 8 | G30: Глава 8. Временные здания и сооружения. | H30: 11 | I30: 0 | J30: 0 | K30: 14 | L30: 0 | M30: 0 | N30: 0 | O30: 8 | P30: 0 | Q30: 0 | R30: 0 | S30: -1 | T30: 0 | AF30: 0 | AI30: 1435.61 | AJ30: 0 | AK30: 0 | AL30: 0 | AM30: 1435.61 | AN30: 0 | AO30: 0 | AP30: 0 | AQ30: 0 | AR30: 0 | AS30: 0 | AT30: 0 | AU30: 0 | AV30: 0 | AW30: 0 | AX30: 0 | AY30: 0 | AZ30: 0 | BA30: 0 | BB30: 1435.61 | BC30: 0
B31: 1 | E31: Приказ №332/пр от 19.06.2020 г. (с изм №534/пр от 13.08.2024 г.) | F31: Итог 2 | G31: Временные здания и сооружения (п.41) - 1,5% с К-0,8 | H31: 11 | I31: 13 | J31: 0 | K31: 399 | L31: 0 | M31: 0 | N31: 0 | O31: 0 | P31: 0 | Q31: 0 | R31: 0 | S31: -1 | T31: 0 | AF31: 0 | AH31: СН | AI31: 1435.61 | AJ31: 0 | AK31: 0 | AL31: 0 | AM31: 1435.61 | AN31: 0 | AO31: 0 | AP31: 0 | AQ31: 0 | AR31: 0 | AS31: 0 | AT31: 0 | AU31: 0 | AV31: 0 | AW31: 0 | AX31: 0 | AY31: 0 | AZ31: 0 | BA31: 0 | BB31: 1435.61 | BC31: 0
B32: 1 | F32: Ит 1-8 | G32: Итого по главам 1 - 8 | H32: 12 | I32: 0 | J32: 0 | K32: 61 | L32: 9 | M32: 0 | N32: 0 | O32: 0 | P32: 0 | Q32: 0 | R32: 0 | S32: -1 | T32: 0 | W32: -1 | X32: 0 | AA32: -1 | AB32: 0 | AE32: 0 | AF32: 0 | AG32: 0 | AI32: 121070.16 | AJ32: 0 | AK32: 0 | AL32: 27.09 | AM32: 121097.25 | AN32: 0 | AO32: 0 | AP32: 0 | AQ32: 0 | AR32: 0 | AS32: 0 | AT32: 0 | AU32: 0 | AV32: 0 | AW32: 0 | AX32: 0 | AY32: 0 | AZ32: 0 | BA32: 0 | BB32: 121070.16 | BC32: 0
B33: 0 | F33: 1-8 | G33: Итого по главам 1 - 8 | H33: 12 | I33: 1 | J33: 0 | K33: 64 | L33: 0 | M33: 0 | N33: 0 | O33: 0 | P33: 0 | Q33: 0 | R33: 0 | S33: -1 | T33: 0 | W33: -1 | X33: 0 | AA33: -1 | AB33: 0 | AE33: 0 | AF33: 0 | AG33: 0 | AH33: Прочие | AI33: 121070.16 | AJ33: 0 | AK33: 0 | AL33: 27.09 | AM33: 121097.25 | AN33: 0 | AO33: 0 | AP33: 0 | AQ33: 0 | AR33: 0 | AS33: 0 | AT33: 0 | AU33: 0 | AV33: 0 | AW33: 0 | AX33: 0 | AY33: 0 | AZ33: 0 | BA33: 0 | BB33: 121070.16 | BC33: 0
B34: 1 | F34: Гл. 9 | G34: Глава 9. Прочие работы и затраты. | H34: 13 | I34: 0 | J34: 0 | K34: 16 | L34: 0 | M34: 0 | N34: 0 | O34: 9 | P34: 0 | Q34: 0 | R34: 0 | S34: -1 | T34: 0 | W34: -1 | X34: 0 | AA34: -1 | AB34: 0 | AE34: 0 | AF34: 0 | AG34: 0 | AI34: 4116.39 | AJ34: 0 | AK34: 0 | AL34: 506.21 | AM34: 4622.6 | AN34: 0 | AO34: 0 | AP34: 0 | AQ34: 0 | AR34: 0 | AS34: 0 | AT34: 0 | AU34: 0 | AV34: 0 | AW34: 0 | AX34: 0 | AY34: 0 | AZ34: 0 | BA34: 0 | BB34: 4116.39 | BC34: 0
B35: 1 | E35: Приказ №325/пр от 25.05.2021 г. (с изм. №170/пр от 25.03.2025 г.) | F35: Итог 1 | G35: Дополнительные затраты при производстве работ в зимнее время (п.77) - 3,4% | H35: 13 | I35: 1 | J35: 0 | K35: 1207 | L35: 0 | M35: 0 | N35: 0 | O35: 0 | P35: 0 | Q35: 0 | R35: 0 | S35: -1 | T35: 0 | W35: -1 | X35: 0 | AA35: -1 | AB35: 0 | AE35: 0 | AF35: 0 | AG35: 0 | AH35: Прочие | AI35: 4116.39 | AJ35: 0 | AK35: 0 | AL35: 0 | AM35: 4116.39 | AN35: 0 | AO35: 0 | AP35: 0 | AQ35: 0 | AR35: 0 | AS35: 0 | AT35: 0 | AU35: 0 | AV35: 0 | AW35: 0 | AX35: 0 | AY35: 0 | AZ35: 0 | BA35: 0 | BB35: 4116.39 | BC35: 0
B36: 1 | E36: Расчет №2 | F36: Итог 3 | G36: Расчет платы размещения строительного мусора на полигоне ТБО | H36: 13 | I36: 6 | J36: 0 | K36: 55171 | L36: 0 | M36: 0 | N36: 0 | O36: 0 | P36: 0 | Q36: 0 | R36: 0 | S36: -1 | T36: 0 | W36: -1 | X36: 0 | AA36: -1 | AB36: 0 | AE36: 0 | AF36: 0 | AG36: 0 | AH36: Прочие | AI36: 0 | AJ36: 0 | AK36: 0 | AL36: 506.21 | AM36: 506.21 | AN36: 0 | AO36: 0 | AP36: 0 | AQ36: 0 | AR36: 0 | AS36: 0 | AT36: 0 | AU36: 0 | AV36: 0 | AW36: 0 | AX36: 0 | AY36: 0 | AZ36: 0 | BA36: 0 | BB36: 0 | BC36: 0
B37: 1 | F37: Ит 1-9 | G37: Итого по главам 1 - 9 | H37: 15 | I37: 0 | J37: 0 | K37: 62 | L37: 9 | M37: 0 | N37: 0 | O37: 0 | P37: 0 | Q37: 0 | R37: 0 | S37: -1 | T37: 0 | W37: -1 | X37: 0 | AA37: -1 | AB37: 0 | AE37: 0 | AF37: 0 | AG37: 0 | AI37: 125186.55 | AJ37: 0 | AK37: 0 | AL37: 533.3 | AM37: 125719.85 | AN37: 0 | AO37: 0 | AP37: 0 | AQ37: 0 | AR37: 0 | AS37: 0 | AT37: 0 | AU37: 0 | AV37: 0 | AW37: 0 | AX37: 0 | AY37: 0 | AZ37: 0 | BA37: 0 | BB37: 125186.55 | BC37: 0
B38: 0 | F38: 1-9 | G38: Итого по главам 1 - 9 | H38: 15 | I38: 1 | J38: 0 | K38: 65 | L38: 0 | M38: 0 | N38: 0 | O38: 0 | P38: 0 | Q38: 0 | R38: 0 | S38: -1 | T38: 0 | W38: -1 | X38: 0 | AA38: -1 | AB38: 0 | AE38: 0 | AF38: 0 | AG38: 0 | AH38: Прочие | AI38: 125186.55 | AJ38: 0 | AK38: 0 | AL38: 533.3 | AM38: 125719.85 | AN38: 0 | AO38: 0 | AP38: 0 | AQ38: 0 | AR38: 0 | AS38: 0 | AT38: 0 | AU38: 0 | AV38: 0 | AW38: 0 | AX38: 0 | AY38: 0 | AZ38: 0 | BA38: 0 | BB38: 125186.55 | BC38: 0
B39: 1 | F39: Гл. 10 | G39: Глава 10. Содержание службы заказчика. Строительный контроль. | H39: 16 | I39: 0 | J39: 0 | K39: 43 | L39: 0 | M39: 0 | N39: 0 | O39: 10 | P39: 0 | Q39: 0 | R39: 0 | S39: -1 | T39: 0 | W39: -1 | X39: 0 | AA39: -1 | AB39: 0 | AE39: 0 | AF39: 0 | AG39: 0 | AI39: 0 | AJ39: 0 | AK39: 0 | AL39: 2426.39 | AM39: 2426.39 | AN39: 0 | AO39: 0 | AP39: 0 | AQ39: 0 | AR39: 0 | AS39: 0 | AT39: 0 | AU39: 0 | AV39: 0 | AW39: 0 | AX39: 0 | AY39: 0 | AZ39: 0 | BA39: 0 | BB39: 0 | BC39: 0
B40: 1 | E40: Пост. Правительства РФ №468 от 21.06.2010 г. | F40: 162 | G40: Строительный контроль - 1,93%. | H40: 16 | I40: 1 | J40: 0 | K40: 349 | L40: 0 | M40: 0 | N40: 0 | O40: 0 | P40: 0 | Q40: 0 | R40: 0 | S40: -1 | T40: 0 | W40: -1 | X40: 0 | AA40: -1 | AB40: 0 | AE40: 0 | AF40: 0 | AG40: 0 | AH40: Прочие | AI40: 0 | AJ40: 0 | AK40: 0 | AL40: 2426.39 | AM40: 2426.39 | AN40: 0 | AO40: 0 | AP40: 0 | AQ40: 0 | AR40: 0 | AS40: 0 | AT40: 0 | AU40: 0 | AV40: 0 | AW40: 0 | AX40: 0 | AY40: 0 | AZ40: 0 | BA40: 0 | BB40: 0 | BC40: 0
B41: 1 | F41: Ит 1-10 | G41: Итого по главам 1 - 10 | H41: 17 | I41: 0 | J41: 0 | K41: 725 | L41: 9 | M41: 0 | N41: 0 | O41: 0 | P41: 0 | Q41: 0 | R41: 0 | S41: -1 | T41: 0 | W41: -1 | X41: 0 | AA41: -1 | AB41: 0 | AE41: 0 | AF41: 0 | AG41: 0 | AI41: 125186.55 | AJ41: 0 | AK41: 0 | AL41: 2959.69 | AM41: 128146.24 | AN41: 0 | AO41: 0 | AP41: 0 | AQ41: 0 | AR41: 0 | AS41: 0 | AT41: 0 | AU41: 0 | AV41: 0 | AW41: 0 | AX41: 0 | AY41: 0 | AZ41: 0 | BA41: 0 | BB41: 125186.55 | BC41: 0
B42: 0 | F42: 1-10 | G42: Итого по главам 1 - 10 | H42: 17 | I42: 1 | J42: 0 | K42: 726 | L42: 0 | M42: 0 | N42: 0 | O42: 0 | P42: 0 | Q42: 0 | R42: 0 | S42: -1 | T42: 0 | W42: -1 | X42: 0 | AA42: -1 | AB42: 0 | AE42: 0 | AF42: 0 | AG42: 0 | AH42: Прочие | AI42: 125186.55 | AJ42: 0 | AK42: 0 | AL42: 2959.69 | AM42: 128146.24 | AN42: 0 | AO42: 0 | AP42: 0 | AQ42: 0 | AR42: 0 | AS42: 0 | AT42: 0 | AU42: 0 | AV42: 0 | AW42: 0 | AX42: 0 | AY42: 0 | AZ42: 0 | BA42: 0 | BB42: 125186.55 | BC42: 0
B43: 0 | F43: Гл. 11 | G43: Глава 11. Подготовка эксплуатационных кадров для строящегося объекта капитального строительства. | H43: 20 | I43: 0 | J43: 0 | K43: 46 | L43: 0 | M43: 0 | N43: 0 | O43: 11 | P43: 0 | Q43: 0 | R43: 0 | S43: -1 | T43: 0 | W43: -1 | X43: 0 | AA43: -1 | AB43: 0 | AE43: 0 | AF43: 0 | AG43: 0 | AI43: 0 | AJ43: 0 | AK43: 0 | AL43: 0 | AM43: 0 | AN43: 0 | AO43: 0 | AP43: 0 | AQ43: 0 | AR43: 0 | AS43: 0 | AT43: 0 | AU43: 0 | AV43: 0 | AW43: 0 | AX43: 0 | AY43: 0 | AZ43: 0 | BA43: 0 | BB43: 0 | BC43: 0
B44: 0 | F44: 170 | G44: Подготовка эксплуатационных кадров для строящегося объекта капитального строительства. | H44: 20 | I44: 1 | J44: 0 | K44: 394 | L44: 0 | M44: 0 | N44: 0 | O44: 0 | P44: 0 | Q44: 0 | R44: 0 | S44: -1 | T44: 0 | W44: -1 | X44: 0 | AA44: -1 | AB44: 0 | AE44: 0 | AF44: 0 | AG44: 0 | AH44: Прочие | AI44: 0 | AJ44: 0 | AK44: 0 | AL44: 0 | AM44: 0 | AN44: 0 | AO44: 0 | AP44: 0 | AQ44: 0 | AR44: 0 | AS44: 0 | AT44: 0 | AU44: 0 | AV44: 0 | AW44: 0 | AX44: 0 | AY44: 0 | AZ44: 0 | BA44: 0 | BB44: 0 | BC44: 0
B45: 0 | F45: Ит 1-11 | G45: Итого по главам 1 - 11 | H45: 21 | I45: 0 | J45: 0 | K45: 727 | L45: 9 | M45: 0 | N45: 0 | O45: 0 | P45: 0 | Q45: 0 | R45: 0 | S45: -1 | T45: 0 | W45: -1 | X45: 0 | AA45: -1 | AB45: 0 | AE45: 0 | AF45: 0 | AG45: 0 | AI45: 125186.55 | AJ45: 0 | AK45: 0 | AL45: 2959.69 | AM45: 128146.24 | AN45: 0 | AO45: 0 | AP45: 0 | AQ45: 0 | AR45: 0 | AS45: 0 | AT45: 0 | AU45: 0 | AV45: 0 | AW45: 0 | AX45: 0 | AY45: 0 | AZ45: 0 | BA45: 0 | BB45: 125186.55 | BC45: 0
B46: 0 | F46: 1-11 | G46: Итого по главам 1 - 11 | H46: 21 | I46: 1 | J46: 0 | K46: 728 | L46: 0 | M46: 0 | N46: 0 | O46: 0 | P46: 0 | Q46: 0 | R46: 0 | S46: -1 | T46: 0 | W46: -1 | X46: 0 | AA46: -1 | AB46: 0 | AE46: 0 | AF46: 0 | AG46: 0 | AH46: Прочие | AI46: 125186.55 | AJ46: 0 | AK46: 0 | AL46: 2959.69 | AM46: 128146.24 | AN46: 0 | AO46: 0 | AP46: 0 | AQ46: 0 | AR46: 0 | AS46: 0 | AT46: 0 | AU46: 0 | AV46: 0 | AW46: 0 | AX46: 0 | AY46: 0 | AZ46: 0 | BA46: 0 | BB46: 125186.55 | BC46: 0
B47: 1 | F47: Гл. 12 | G47: Глава 12. Публичный технологический и ценовой аудит, подготовка обоснования инвестиций, осуществляемых в инвестиционный проект по созданию объекта капитального строительства, в отношении которого планируется заключение контракта, предметом которого является одновременно выполнение работ по проектированию, строительству и вводу в эксплуатацию объекта капитального строительства, технологический и ценовой аудит такого обоснования инвестиций, аудит проектной документации, проектные и изыскательские работы. | H47: 22 | I47: 0 | J47: 0 | K47: 47 | L47: 0 | M47: 0 | N47: 0 | O47: 12 | P47: 0 | Q47: 0 | R47: 0 | S47: -1 | T47: 0 | W47: -1 | X47: 0 | AA47: -1 | AB47: 0 | AE47: 0 | AF47: 0 | AG47: 0 | AI47: 0 | AJ47: 0 | AK47: 0 | AL47: 251.44 | AM47: 251.44 | AN47: 0 | AO47: 0 | AP47: 0 | AQ47: 0 | AR47: 0 | AS47: 0 | AT47: 0 | AU47: 0 | AV47: 0 | AW47: 0 | AX47: 0 | AY47: 0 | AZ47: 0 | BA47: 0 | BB47: 0 | BC47: 0
B48: 0 | F48: 171.д | G48: Подготовка проектной и рабочей документации | H48: 22 | I48: 5 | J48: 0 | K48: 337 | L48: 0 | M48: 0 | N48: 0 | O48: 0 | P48: 0 | Q48: 0 | R48: 0 | S48: -1 | T48: 0 | W48: -1 | X48: 0 | AA48: -1 | AB48: 0 | AE48: 0 | AF48: 0 | AG48: 0 | AH48: Прочие | AI48: 0 | AJ48: 0 | AK48: 0 | AL48: 0 | AM48: 0 | AN48: 0 | AO48: 0 | AP48: 0 | AQ48: 0 | AR48: 0 | AS48: 0 | AT48: 0 | AU48: 0 | AV48: 0 | AW48: 0 | AX48: 0 | AY48: 0 | AZ48: 0 | BA48: 0 | BB48: 0 | BC48: 0
B49: 1 | E49: Приказ Минстроя РФ № 421/пр от 04.08.2020 г., п.171 | F49: 171.з | G49: Проведение авторского надзора - 0,2% | H49: 22 | I49: 9 | J49: 0 | K49: 340 | L49: 0 | M49: 0 | N49: 0 | O49: 0 | P49: 0 | Q49: 0 | R49: 0 | S49: -1 | T49: 0 | W49: -1 | X49: 0 | AA49: -1 | AB49: 0 | AE49: 0 | AF49: 0 | AG49: 0 | AH49: Прочие | AI49: 0 | AJ49: 0 | AK49: 0 | AL49: 251.44 | AM49: 251.44 | AN49: 0 | AO49: 0 | AP49: 0 | AQ49: 0 | AR49: 0 | AS49: 0 | AT49: 0 | AU49: 0 | AV49: 0 | AW49: 0 | AX49: 0 | AY49: 0 | AZ49: 0 | BA49: 0 | BB49: 0 | BC49: 0
B50: 1 | F50: Ит 1-12 | G50: Итого по главам 1-12 | H50: 23 | I50: 0 | J50: 0 | K50: 55 | L50: 9 | M50: 0 | N50: 0 | O50: 0 | P50: 0 | Q50: 0 | R50: 0 | S50: -1 | T50: 0 | W50: -1 | X50: 0 | AA50: -1 | AB50: 0 | AE50: 0 | AF50: 0 | AG50: 0 | AI50: 125186.55 | AJ50: 0 | AK50: 0 | AL50: 3211.13 | AM50: 128397.68 | AN50: 0 | AO50: 0 | AP50: 0 | AQ50: 0 | AR50: 0 | AS50: 0 | AT50: 0 | AU50: 0 | AV50: 0 | AW50: 0 | AX50: 0 | AY50: 0 | AZ50: 0 | BA50: 0 | BB50: 125186.55 | BC50: 0
B51: 0 | F51: 1-12 | G51: Итого по главам 1 - 12 | H51: 23 | I51: 1 | J51: 0 | K51: 56 | L51: 0 | M51: 0 | N51: 0 | O51: 0 | P51: 0 | Q51: 0 | R51: 0 | S51: -1 | T51: 0 | W51: -1 | X51: 0 | AA51: -1 | AB51: 0 | AE51: 0 | AF51: 0 | AG51: 0 | AH51: Прочие | AI51: 125186.55 | AJ51: 0 | AK51: 0 | AL51: 3211.13 | AM51: 128397.68 | AN51: 0 | AO51: 0 | AP51: 0 | AQ51: 0 | AR51: 0 | AS51: 0 | AT51: 0 | AU51: 0 | AV51: 0 | AW51: 0 | AX51: 0 | AY51: 0 | AZ51: 0 | BA51: 0 | BB51: 125186.55 | BC51: 0
B52: 1 | F52: Непредв | G52: Резерв средств на непредвиденные работы и затраты | H52: 24 | I52: 0 | J52: 0 | K52: 292 | L52: 0 | M52: 0 | N52: 0 | O52: 13 | P52: 0 | Q52: 0 | R52: 0 | S52: -1 | T52: 0 | W52: -1 | X52: 0 | AA52: -1 | AB52: 0 | AE52: 0 | AF52: 0 | AG52: 0 | AI52: 3755.6 | AJ52: 0 | AK52: 0 | AL52: 96.33 | AM52: 3851.93 | AN52: 0 | AO52: 0 | AP52: 0 | AQ52: 0 | AR52: 0 | AS52: 0 | AT52: 0 | AU52: 0 | AV52: 0 | AW52: 0 | AX52: 0 | AY52: 0 | AZ52: 0 | BA52: 0 | BB52: 3755.6 | BC52: 0
B53: 1 | E53: Приказ Минстроя РФ № 421/пр от 04.08.2020 г., п.179,б | F53: 179 | G53: Резерв средств на непредвиденные работы и затраты - 3% | H53: 24 | I53: 2 | J53: 0 | K53: 487 | L53: 0 | M53: 0 | N53: 0 | O53: 0 | P53: 0 | Q53: 0 | R53: 0 | S53: -1 | T53: 0 | W53: -1 | X53: 0 | AA53: -1 | AB53: 0 | AE53: 0 | AF53: 0 | AG53: 0 | AH53: СН | AI53: 3755.6 | AJ53: 0 | AK53: 0 | AL53: 96.33 | AM53: 3851.93 | AN53: 0 | AO53: 0 | AP53: 0 | AQ53: 0 | AR53: 0 | AS53: 0 | AT53: 0 | AU53: 0 | AV53: 0 | AW53: 0 | AX53: 0 | AY53: 0 | AZ53: 0 | BA53: 0 | BB53: 3755.6 | BC53: 0
B54: 1 | F54: Ит. с непредв. | G54: Итого с непредвиденными | H54: 25 | I54: 0 | J54: 0 | K54: 294 | L54: 9 | M54: 0 | N54: 0 | O54: 0 | P54: 0 | Q54: 0 | R54: 0 | S54: -1 | T54: 0 | W54: -1 | X54: 0 | AA54: -1 | AB54: 0 | AE54: 0 | AF54: 0 | AG54: 0 | AI54: 128942.15 | AJ54: 0 | AK54: 0 | AL54: 3307.46 | AM54: 132249.61 | AN54: 0 | AO54: 0 | AP54: 0 | AQ54: 0 | AR54: 0 | AS54: 0 | AT54: 0 | AU54: 0 | AV54: 0 | AW54: 0 | AX54: 0 | AY54: 0 | AZ54: 0 | BA54: 0 | BB54: 128942.15 | BC54: 0
B55: 0 | F55: Ит с 179 | G55: Итого с непредвиденными | H55: 25 | I55: 1 | J55: 0 | K55: 295 | L55: 0 | M55: 0 | N55: 0 | O55: 0 | P55: 0 | Q55: 0 | R55: 0 | S55: -1 | T55: 0 | W55: -1 | X55: 0 | AA55: -1 | AB55: 0 | AE55: 0 | AF55: 0 | AG55: 0 | AH55: Прочие | AI55: 128942.15 | AJ55: 0 | AK55: 0 | AL55: 3307.46 | AM55: 132249.61 | AN55: 0 | AO55: 0 | AP55: 0 | AQ55: 0 | AR55: 0 | AS55: 0 | AT55: 0 | AU55: 0 | AV55: 0 | AW55: 0 | AX55: 0 | AY55: 0 | AZ55: 0 | BA55: 0 | BB55: 128942.15 | BC55: 0
B56: 1 | F56: НДС | G56: Средства на покрытие затрат по уплате налога на добавленную стоимость по итогу глав сводного сметного расчета | H56: 26 | I56: 0 | J56: 0 | K56: 298 | L56: 0 | M56: 0 | N56: 0 | O56: 14 | P56: 0 | Q56: 0 | R56: 0 | S56: -1 | T56: 0 | W56: -1 | X56: 0 | AA56: -1 | AB56: 0 | AE56: 0 | AF56: 0 | AG56: 0 | AI56: 28367.27 | AJ56: 0 | AK56: 0 | AL56: 727.64 | AM56: 29094.91 | AN56: 0 | AO56: 0 | AP56: 0 | AQ56: 0 | AR56: 0 | AS56: 0 | AT56: 0 | AU56: 0 | AV56: 0 | AW56: 0 | AX56: 0 | AY56: 0 | AZ56: 0 | BA56: 0 | BB56: 28367.27 | BC56: 0
B57: 1 | E57: № 425-ФЗ от 25.11.2025 г | F57: 181 | G57: Средства на покрытие затрат по уплате налога на добавленную стоимость по итогу глав сводного сметного расчета (за исключением ст. 149-150 НК РФ) | H57: 26 | I57: 1 | J57: 0 | K57: 299 | L57: 0 | M57: 0 | N57: 0 | O57: 0 | P57: 0 | Q57: 0 | R57: 0 | S57: -1 | T57: 0 | W57: -1 | X57: 0 | AA57: -1 | AB57: 0 | AE57: 0 | AF57: 0 | AG57: 0 | AH57: Прочие | AI57: 28367.27 | AJ57: 0 | AK57: 0 | AL57: 727.64 | AM57: 29094.91 | AN57: 0 | AO57: 0 | AP57: 0 | AQ57: 0 | AR57: 0 | AS57: 0 | AT57: 0 | AU57: 0 | AV57: 0 | AW57: 0 | AX57: 0 | AY57: 0 | AZ57: 0 | BA57: 0 | BB57: 28367.27 | BC57: 0
B58: 1 | F58: Итого ССРСС | G58: Стоимость в уровне цен на 4 квартал 2025 года с учетом НДС | H58: 28 | I58: 0 | J58: 0 | K58: 169 | L58: 9 | M58: 0 | N58: 0 | O58: 0 | P58: 0 | Q58: 0 | R58: 0 | S58: -1 | T58: 0 | W58: -1 | X58: 0 | AA58: -1 | AB58: 0 | AE58: 0 | AF58: 0 | AG58: 0 | AI58: 157309.42 | AJ58: 0 | AK58: 0 | AL58: 4035.1 | AM58: 161344.52 | AN58: 0 | AO58: 0 | AP58: 0 | AQ58: 0 | AR58: 0 | AS58: 0 | AT58: 0 | AU58: 0 | AV58: 0 | AW58: 0 | AX58: 0 | AY58: 0 | AZ58: 0 | BA58: 0 | BB58: 157309.42 | BC58: 0
B59: 0 | F59: Итого | G59: ИТОГО ПО РАСЧЕТУ | H59: 28 | I59: 1 | J59: 0 | K59: 488 | L59: 0 | M59: 0 | N59: 0 | O59: 0 | P59: 0 | Q59: 0 | R59: 0 | S59: -1 | T59: 0 | W59: -1 | X59: 0 | AA59: -1 | AB59: 0 | AE59: 0 | AF59: 0 | AG59: 0 | AH59: Прочие | AI59: 157309.42 | AJ59: 0 | AK59: 0 | AL59: 4035.1 | AM59: 161344.52 | AN59: 0 | AO59: 0 | AP59: 0 | AQ59: 0 | AR59: 0 | AS59: 0 | AT59: 0 | AU59: 0 | AV59: 0 | AW59: 0 | AX59: 0 | AY59: 0 | AZ59: 0 | BA59: 0 | BB59: 157309.42 | BC59: 0
A61: 400 | B61: 1 | C61: 3 | D61: 1 | E61: ЛС-02-06-01 | F61: Канализационная сеть по ул. Ленина от ул. Комиссариатская до ул. Троицкая | J61: 1.0476116e+08 | K61: 7196617 | L61: 15134073 | M61: 1393867.3 | N61: 80172537 | O61: 864066.8 | P61: 0 | Q61: 8590484.2 | R61: 9286708 | S61: 5586678.4 | T61: 1.1963455e+08 | U61: 19689.536 | V61: 2777.7723
A62: 400 | B62: 1 | C62: 0 | J62: 1.0476116e+08 | K62: 7196617 | L62: 15134073 | M62: 1393867.3 | N62: 80172537 | O62: 864066.8 | P62: 0 | Q62: 8590484.2 | R62: 9286708 | S62: 5586678.4 | T62: 1.1963455e+08 | U62: 19689.536 | V62: 2777.7723
A64: 444
B65: 110494802 | D65: 1 | E65: ЛС-02-01-01 | G65: Коллектор по ул. Фестивальная, Сурской дамбе, ул. Садовая до КНС №1 | H65: 0 | L65: 10
B66: 110494873 | C66: 15 | D66: 3 | G66: Коллектор по ул. Фестивальная, Сурской дамбе, ул. Садовая до КНС №1 | H66: 0 | K66: 2 | L66: 11
B67: 110496543 | D67: 1 | E67: ЛС-02-02-01 | G67: Коллектор по Гоголевскому спуску от ул. Свердлова до ОСК | H67: 0 | L67: 10
B68: 110496613 | C68: 16 | D68: 3 | G68: Коллектор по Гоголевскому спуску от ул. Свердлова до ОСК | H68: 0 | K68: 2 | L68: 11
B69: 110630428 | D69: 1 | E69: ЛС-02-03-01 | G69: Коллектор по ул. Шпальная, на участке от ул. Кутузова до ул.Почтовая | H69: 0 | L69: 10
B70: 110630498 | C70: 17 | D70: 3 | G70: Коллектор по ул. Шпальная, на участке от ул. Кутузова до ул.Почтовая | H70: 0 | K70: 2 | L70: 11
B71: 110668641 | D71: 1 | E71: ЛС-02-04-01 | G71: Напорный коллектор от КНС №1 по ул. Садовая, ул. Академика Крылова, ул. Ленина до пересечения с ул. Комиссариатская | H71: 0 | L71: 10
B72: 110668711 | C72: 18 | D72: 3 | E72: Новая локальная смета | G72: Напорный коллектор от КНС №1 по ул. Садовая, ул. Академика Крылова, ул. Ленина до пересечения с ул. Комиссариатская | H72: 0 | K72: 2 | L72: 11
B73: 110634466 | D73: 1 | E73: ЛС-02-05-01 | G73: Напорный коллектор КНС №2 по ул. Чебоксарская и ул. Ленина до ул. Маяковского, 20 (камера гашения) | H73: 0 | L73: 10
B74: 110634536 | C74: 19 | D74: 3 | E74: Новая локальная смета | G74: Напорный коллектор КНС №2 по ул. Чебоксарская и ул. Ленина до ул. Маяковского, 20 (камера гашения) | H74: 0 | K74: 2 | L74: 11
B75: 110636620 | D75: 1 | E75: ЛС-02-06-01 | G75: Канализационная сеть по ул. Ленина от ул. Комиссариатская до ул. Троицкая | H75: 0 | L75: 10
B76: 110636690 | C76: 20 | D76: 3 | E76: Новая локальная смета | G76: Канализационная сеть по ул. Ленина от ул. Комиссариатская до ул. Троицкая | H76: 0 | K76: 2 | L76: 11
B77: 110638652 | D77: 1 | E77: ЛС-02-07-01 | G77: Канализационная сеть по ул. Советская от школы №3 до ул. Гончарова | H77: 0 | L77: 10
B78: 110638722 | C78: 21 | D78: 3 | E78: Новая локальная смета | G78: Канализационная сеть по ул. Советская от школы №3 до ул. Гончарова | H78: 0 | K78: 2 | L78: 11
B79: 110677113 | D79: 1 | E79: ЛС-02-08-01 | G79: Канализационная сеть по ул. Гончарова от к/т «Октябрь» до ул. Ленина | H79: 0 | L79: 10
B80: 110677183 | C80: 22 | D80: 3 | E80: Новая локальная смета | G80: Канализационная сеть по ул. Гончарова от к/т «Октябрь» до ул. Ленина | H80: 0 | K80: 2 | L80: 11
A82: 555 | C82: 1 | D82: Глава 1. Подготовка территории строительства | I82: 0 | J82: 0
C83: 1 | D83: Оформление земельного участка | I83: 2 | J83: 0
C84: 1 | D84: Затраты по разбивке основных осей зданий и сооружений | I84: 3 | J84: 0
C85: 1 | D85: Плата за землю при выкупе земельного участка для строительства | I85: 4 | J85: 0
C86: 1 | D86: Затраты, связанные с получением исходных данных и технических условий | I86: 5 | J86: 0
C87: 1 | D87: Археологические раскопки | I87: 6 | J87: 0
C88: 1 | D88: Плата за аренду земельного участка в период строительства | I88: 7 | J88: 0
C89: 1 | D89: Компенсационные выплаты | I89: 8 | J89: 0
C90: 1 | D90: Затраты, связанные с неблагоприятными гидрогеологическими условиями | I90: 9 | J90: 0
C91: 1 | D91: Затраты на устройства объездов для городского транспорта | I91: 10 | J91: 0
C92: 1 | D92: Освобождение территории строительства | I92: 11 | J92: 0
C93: 1 | D93: Осушение территории стройки | I93: 12 | J93: 0
C94: 1 | D94: Затраты на разминирование территории строительства | I94: 13 | J94: 0
... C128: 100 | D128: Пусконаладочные работы (под нагрузкой) | I128: 63 | J128: 0
A130: 600 | C130: врем | D130: Временные здания и сооружения | E130: 1.2
C131: зу | D131: Зимнее удорожание | E131: 3.4
C132: Авторский надзор | D132: Содержание авторского надзора 0,2% | E132: 0.2
C133: НДС 20% | D133: НДС 20% | E133: 22
C134: Непредв расх | D134: Непредвиденные расходы (установить% самостоятельно: 2 - непроизводственного; 3 - производственного, линейные; 10 - уникальные, опасные, сложные) | E134: 3
C135: Проектные | D135: Подготовка проектной и рабочей документации | E135: 0
C136: Стр_контр | D136: Строительный контроль | E136: 1.93
C137: Перем. 1 | D137: Тех. прис | E137: 0
C138: Перем. 2 | D138: мусор | E138: 506206.84
C139: Перем. 3 | D139: Перенос | E139: 27088.4
